 Dungeon Crawl Stone Soup version 0.30.1-11-g7821555f0a (webtiles) character file.

Game seed: 14646735067532663028

392 Eryximachus the Digger (level 6, -16/34 HPs)
             Began as a Gargoyle Earth Elementalist on Dec 7, 2023.
             Was a Follower of Vehumet.
             Demolished by an ogre
             ... wielding a +0 giant club
              (29 damage)
             ... on level 3 of the Dungeon.
             The game lasted 00:19:32 (5049 turns).

Eryximachus the Digger (GrEE)                       Turns: 5049, Time: 00:19:32

Health: -16/34     AC:  8    Str: 11    XL:     6   Next: 80%
Magic:  8/9        EV: 12    Int: 18    God:    Vehumet [*.....]
Gold:   245        SH:  0    Dex: 10    Spells: 3/9 levels left

rFire   . . .        e - +0 whip
rCold   . . .        (no shield)
rNeg    + . .        a - +0 robe
rPois   ∞            j - +0 helmet
rElec   +            i - +0 cloak
rCorr   .            (no gloves)
SInv    .            (no boots)
Will    .....        (no amulet)
Stlth   ++           (no ring)
HPRegen 0.25/turn    (no ring)
MPRegen 0.11/turn

%: no passive effects
@: no status effects
A: sickness immunity, AC +4, negative energy resistance 1, electricity
resistance, torment resistance 1, petrification resistance
a: Renounce Religion


You were on level 3 of the Dungeon.
You worshipped Vehumet.
Vehumet was aware of your devotion.
You visited 2 branches of the dungeon, and saw 5 of its levels.

You collected 245 gold pieces.


Innate Abilities, Weirdness & Mutations

You are immune to sickness and miasma.
Your stone body is resilient. (AC +4)
You are immune to poison.
You resist negative energy. (rN+)
You are resistant to electric shocks. (rElec)
You are resistant to unholy torment.
You are immune to petrification.


   Skills:
 - Level 1.0 Fighting
 - Level 2.0 Dodging
 - Level 3.0 Stealth
 - Level 2.0 Spellcasting
 - Level 4.0 Conjurations
 - Level 2.0 Transmutations
 * Level 6.3 Earth Magic


You had 3 spell levels left.
You knew the following spells:

 Your Spells              Type           Power      Damage    Failure   Level
a - Passwall              Tmut/Erth      13%        N/A       4%          2
w - Stone Arrow           Conj/Erth      40%        3d9       7%          3
z - Sandblast             Erth           48%        2d12      1%          1

Your spell library contained the following spells:

 Spells                   Type           Power      Damage    Failure   Level
 Shock                    Conj/Air       36%        1d5       8%          1
 Petrify                  Tmut/Erth      16%        N/A       32%         4

Inventory:

Hand Weapons
 e - a +0 whip (weapon)
Missiles
 d - 2 throwing nets {=f}
 f - 64 stones (quivered)
Armour
 a - a +0 robe (worn)
 i - a +0 cloak (worn)
 j - a +0 helmet (worn)
Jewellery
 r - an amulet of faith {!P}
 C - a ring of ice
Scrolls
 g - a scroll of enchant armour {unknown}
 h - 2 scrolls of poison
 n - a scroll of teleportation {unknown}
 o - a scroll of enchant weapon {unknown}
 p - a scroll of acquirement
 q - a scroll of identify {@r1}
 s - a scroll of magic mapping {unknown}
Potions
 b - a potion of magic
 c - a potion of degeneration
 k - 2 potions of curing {@q1}
 l - a potion of attraction
 m - a potion of heal wounds {@q2}

Dungeon Overview and Level Annotations

Branches:
Dungeon (4/15)             Temple (1/1) D:4

Altars:
Ashenzari
Cheibriados
Dithmenos
Elyvilon
Fedhas
Makhleb
Okawaru
Ru
Sif Muna
Trog
Vehumet
Wu Jian
Zin
The Shining One

Shops:
D:1 [

Annotations:
D:3 2 runed translucent doors, auo's ghost, amateur DrTm

##.........
...........
...........
###########.#.........
#.)).#......#.........
#'##.g......#.........
#g.
###.g....#.........
#(. #.......#>......#


#gO ##...O@........... ######..........#####.. #.............########
#...##.....##.....^... #### ########..###### ##..# ##.# #.# ####.## . You could
see an ogre and 2 goblins.


Message History

You kill the goblin!
Vehumet accepts your kill.
A goblin comes into view. It is wielding a +0 dagger.
Unknown command.
You barely miss the goblin.
The goblin shouts!
The goblin hits you but does no damage.
You hit the goblin.
The goblin is severely wounded.
The goblin hits you but does no damage.
You hit the goblin.
You kill the goblin!
Vehumet accepts your kill.
You hit the goblin but do no damage. The goblin misses you.
You hit the goblin. Your punch misses the goblin.
The goblin is severely wounded.
The goblin closely misses you.
You hit the goblin.
You kill the goblin!
Vehumet accepts your kill.
You can now gain magical power from killing.
Vehumet offers you knowledge of Shock. The ogre attacks as you move away!
The ogre hits you with a +0 giant club!!
Ouch! That really hurt!
* * * LOW HITPOINT WARNING * * *
The ogre attacks as you move away!
The ogre hits you with a +0 giant club!!
Ouch! That really hurt!
You die...

Skill      XL: |  1  2  3  4  5  6 |
---------------+-------------------+-----
Transmutations | 1 2 |  2.0
Dodging        | 2 |  2.0
Earth Magic    | 4 5 6 |  6.3
Stealth        | 3 |  3.0
Conjurations   | 1 2 3 4 |  4.0
Fighting       | 1 |  1.0
Spellcasting   | |  2.0

Action                     |  1- 3 |  4- 6 || total
---------------------------+-------+-------++-------
  Melee: Unarmed           |     2 |       ||     2
         Whip              |     7 |    26 ||    33
  Throw: Stone             |     3 |     8 ||    11
   Cast: Sandblast         |    65 |    78 ||   143
    Use: Scroll            |     1 |     5 ||     6
   Stab: Sleeping          |     1 |       ||     1
 Armour: Robe              |    10 |    17 ||    27
  Dodge: Dodged            |    24 |    31 ||    55

Levels and vault maps discovered:
D:1:      dpeg_arrival_tiny_g, layout_loops_ring, serial_shops, shop_fountains,
          dreamdust_ecumenical_altar_angels_and_demons, chequers_mini_garden,
          glass_columns_c, minmay_gold_behind_fungi, minmay_hexomino_f4
D:2:      layout_basic, minmay_misc_feat_pillars, uniq_jessica
D:3:      layout_rooms, regret_index_temple_of_mockery,
          ebering_ghost_disaster_area, serial_bayou_ford_a, minmay_ogre_servants
D:4:      layout_cave_pods, nzn_wu_jian_contemplation,
          minmay_temple_entry_slanted
Temple:   compressed_dpeg_triangle_lava_temple

Notes
Turn   | Place    | Note
-------+----------+-------------------------------------------
     0 | D:1      | Eryximachus the Gargoyle Earth Elementalist began the quest
                  | for the Orb.
     0 | D:1      | Reached XP level 1. HP: 10/10 MP: 3/3
   176 | D:1      | Reached skill level 1 in Transmutations
   200 | D:1      | Reached XP level 2. HP: 14/15 MP: 3/5
   665 | D:1      | Reached skill level 2 in Dodging
   665 | D:1      | Reached skill level 4 in Earth Magic
   977 | D:1      | Reached skill level 3 in Stealth
  1000 | D:1      | Learned a level 2 spell: Passwall
  1064 | D:1      | Found Hoblytz's Antique Armour Emporium.
  1077 | D:1      | Reached XP level 3. HP: 19/19 MP: 4/6
  1105 | D:1      | Learned a level 3 spell: Stone Arrow
  1326 | D:1      | Found a faded altar of an unknown god.
  2031 | D:2      | Reached skill level 1 in Conjurations
  2049 | D:2      | Reached XP level 4. HP: 24/24 MP: 4/7
  2241 | D:2      | Reached skill level 1 in Fighting
  2646 | D:2      | Noticed Jessica
  2647 | D:2      | Killed Jessica
  3167 | D:2      | You fall into a shaft and drop 2 floors!
  3242 | D:4      | Reached skill level 2 in Conjurations
  3242 | D:4      | Reached XP level 5. HP: 27/29 MP: 2/8
  3405 | D:4      | Reached skill level 2 in Transmutations
  3616 | D:4      | Noticed a black bear
  3632 | D:4      | Killed a black bear
  3633 | D:4      | Reached skill level 3 in Conjurations
  3633 | D:4      | Reached skill level 5 in Earth Magic
  3633 | D:4      | Reached XP level 6. HP: 31/34 MP: 4/9
  3757 | D:4      | Noticed a black bear
  3786 | D:4      | Found a staircase to the Ecumenical Temple.
  3795 | Temple   | Entered the Ecumenical Temple
  3867 | Temple   | Became a worshipper of Vehumet
  4235 | D:4      | Found an ornate altar of the Wu Jian Council.
  4607 | D:3      | Found a large runed translucent door.
  4607 | D:3      | Found a large runed translucent door.
  4626 | D:3      | Noticed auo's ghost (amateur DrTm)
  4723 | D:3      | Reached skill level 6 in Earth Magic
  4743 | D:3      | Identified a scroll of acquirement
  4838 | D:3      | Reached skill level 4 in Conjurations
  5042 | D:3      | Reached * piety under Vehumet
  5042 | D:3      | Offered knowledge of Shock by Vehumet.
  5049 | D:3      | Demolished by an ogre

Vanquished Creatures
  A black bear (D:4)
  A bullfrog (D:4)
  An orc priest (D:3)
  A hound (D:4)
  Jessica (D:2)
  An iguana (D:4)
  2 adders (D:2)
  3 worms
  3 dart slugs
  4 orcs
  7 ball pythons
  5 endoplasms
  4 giant cockroaches
  12 goblins
  11 hobgoblins
  7 quokkas
  8 bats
  4 frilled lizards
  9 kobolds
  3 rats
88 creatures vanquished.

Table legend: (Time is in decaauts)
 A = Elapsed time spent in this place.
 B = Non-inter-level travel time spent in this place.
 C = Inter-level travel time spent in this place.
 D = Time resting spent in this place.
 E = Time spent auto-exploring this place.
 F = Levels seen in this place.
 G = Mean time per level.
                   A        B        C        D        E       F      G
               +--------+--------+--------+--------+--------+-----+--------+
         Total |   5126 |   4909 |    217 |   1954 |   1041 |   5 | 1025.2 |
       Dungeon |   5037 |   4835 |    202 |   1954 |   1041 |   4 | 1259.2 |
        Temple |     88 |     73 |     15 |      0 |      0 |   1 |   88.0 |
               +--------+--------+--------+--------+--------+-----+--------+

Top non-repeatable levels by time:
     D:1: 1689 daAuts
     D:2: 1520 daAuts
     D:4: 1310 daAuts
     D:3: 517 daAuts
  Temple: 88 daAuts

Table legend:
 A = Non-vault XP
 B = Vault XP
 C = Vault XP percentage of total XP
 D = Non-vault monster count
 E = Vault monster count
 F = Vault count percentage of total count
                 A         B        C        D         E       F
            +---------+---------+-------+---------+---------+-------
      Total |     507 |      53 |   9.5 |      77 |      11 |  12.5
            +---------+---------+-------+---------+---------+-------
        D:1 |      44 |       6 |  12.0 |      23 |       4 |  14.8
        D:2 |      66 |      37 |  35.9 |      23 |       1 |   4.2
        D:3 |      70 |      10 |  12.5 |      13 |       6 |  31.6
        D:4 |     327 |       0 |   0.0 |      18 |       0 |   0.0
            +---------+---------+-------+---------+---------+-------
